Sound Tigers vs Devils
(R1)
Created - November 11, 2022 at 19:17
Goals
|
Sound Tigers |
2 |
1 |
2 |
0 |
1 |
6 |
Devils |
1 |
1 |
3 |
0 |
0 |
5 |
|
Shots
|
Sound Tigers |
7 |
9 |
13 |
2 |
3 |
31 |
Devils |
16 |
11 |
9 |
0 |
3 |
36 |
|
1st period
1. Sound Tigers , Alex Tuch 5 (Christian Fischer 5, Pavel Kraskovsky 4) at 8:10
2. Sound Tigers , Christian Fischer 1 (Dylan McIlrath 3) at 9:21
3. Devils , Valeri Nichushkin 2 (Damon Severson 3, Conor Garland 2) at 17:10
Penalties :
No Penalty
2nd period
4. Devils , Jonny Brodzinski 1 (Brett Seney 2) at 12:26
5. Sound Tigers , Ben Thomson 2 (James Livingstone 2, Ben Johnson 1) at 13:02
Penalties :
Robbie Russo (Bin) for Roughing (Minor) at 6:35, Dylan McIlrath (BRI) for High sticking (Minor) at 13:15, Pavel Kraskovsky (BRI) for Hooking (Minor) at 19:18
3rd period
6. Devils , Conor Garland 3 (Dalton Thrower 3, Juuse Saros) at 1:11 (PP)
7. Devils , Ilya Lyubushkin 1 (Eeli Tolvanen 2, Jonny Brodzinski 3) at 3:00
8. Sound Tigers , Ben Johnson 1 (James Livingstone 3, Alex Tuch 3) at 4:42
9. Sound Tigers , Pavel Kraskovsky 5 (Alex Tuch 4) at 10:49 (PP)
10. Devils , Miikka Salomaki 2 (Jonny Brodzinski 4) at 19:12
Penalties :
Miro Heiskanen (BRI) for Hooking (Minor) at 5:52, Conor Garland (Bin) for Tripping (Minor) at 10:41, Eeli Tolvanen (Bin) for Holding (Minor) at 13:52
Overtime #1
No Goal
Penalties :
Garret Ross (BRI) for Cross-checking (Minor) at 4:25
Shootout
Sound Tigers, Alex Tuch - Goal!
Devils, Miikka Salomaki - Stopped by Pavel Francouz
Sound Tigers, Christian Fischer - Shot Misses the Net
Devils, Valeri Nichushkin - Stopped by Pavel Francouz
Sound Tigers, Garret Ross - Shot Misses the Net
Devils, Joonas Donskoi - Stopped by Pavel Francouz
Penalties :
No Penalty
Goalie Stats
Pavel Francouz (BRI), 31 saves from 36 shots - (0.861), W, 3-1-0, 65:00 minutes
Juuse Saros (Bin), 26 saves from 31 shots - (0.839), OTL, 0-0-1, 64:40 minutes
Players Stats for Sound Tigers
Player Name G A P +/- PIM S H SB GA TA FO MP PP MP PK MP
------------------------------------------------------------------------------------
Alex Tuch 1 2 3 0 0 2 1 1 1 0 0/0 24:22 2:15 3:41
Ben Johnson 1 1 2 1 0 3 0 0 0 0 2/5 11:57 0:00 0:31
Ben Thomson 1 0 1 1 0 2 0 0 2 1 0/1 13:23 0:00 1:12
Borna Rendulic 0 0 0 -1 0 2 3 0 0 0 1/1 16:30 1:51 0:00
Brad Ross 0 0 0 0 0 0 1 0 0 0 0/0 7:21 0:00 0:00
Christian Fischer 1 1 2 0 0 4 2 0 2 1 0/0 18:42 2:15 0:00
Dylan McIlrath 0 1 1 0 2 2 4 3 0 1 0/0 29:24 1:54 3:23
Gabriel Carlsson 0 0 0 0 0 1 0 3 0 2 0/0 30:23 1:54 4:31
Garret Pilon 0 0 0 0 0 1 0 1 0 0 2/2 7:21 0:00 0:00
Garret Ross 0 0 0 -1 2 2 4 0 0 0 0/0 18:55 1:51 0:58
Jakub Galvas 0 0 0 -2 0 0 0 2 0 0 0/0 12:57 0:00 0:00
James Livingstone 0 2 2 1 0 2 1 0 0 0 2/5 14:40 0:00 2:17
Josh Archibald 0 0 0 0 0 0 0 0 0 0 0/0 0:00 0:00 0:00
Miro Heiskanen 0 0 0 2 2 0 0 0 1 1 0/0 21:39 2:12 1:49
Nick Blankenburg 0 0 0 -2 0 1 0 0 0 1 0/0 14:10 0:00 1:13
Pavel Kraskovsky 1 1 2 0 2 5 2 0 0 1 15/37 23:19 2:15 2:38
Rhett Gardner 0 0 0 -1 0 1 1 0 0 0 5/11 18:49 1:51 0:59
Ross Colton 0 0 0 0 0 3 0 0 2 0 0/0 7:59 0:00 0:00
Slater Koekkoek 0 0 0 2 0 0 0 1 1 1 0/0 21:40 2:12 1:54
Players Stats for Devils
Player Name G A P +/- PIM S H SB GA TA FO MP PP MP PK MP
------------------------------------------------------------------------------------
Alan Quine 0 0 0 -2 0 5 1 0 0 0 18/34 22:53 3:18 2:26
Brett Howden 0 0 0 -1 0 1 0 1 0 0 1/3 7:13 0:00 0:00
Brett Seney 0 1 1 1 0 4 0 0 2 0 0/0 16:01 0:15 0:42
Christian Wolanin 0 0 0 -1 0 1 1 0 1 0 0/0 10:47 0:00 0:00
Conor Garland 1 1 2 1 2 3 1 0 2 1 0/1 18:52 2:18 0:00
Dalton Thrower 0 1 1 0 0 2 1 0 1 1 0/0 21:22 1:44 1:45
Damon Severson 0 1 1 1 0 1 4 0 0 0 0/0 27:30 4:07 2:21
Darren Dietz 0 0 0 1 0 3 0 1 0 2 0/0 27:30 4:07 2:21
Eeli Tolvanen 0 1 1 2 2 1 0 0 0 0 1/1 13:47 0:15 0:00
Ilya Lyubushkin 1 0 1 0 0 1 0 1 1 1 0/0 21:22 1:44 1:45
Jake Bean 0 0 0 0 0 0 0 0 0 1 0/0 5:21 0:00 0:00
Jonny Brodzinski 1 2 3 2 0 1 1 0 0 0 6/10 13:28 0:15 0:10
Joonas Donskoi 0 0 0 -3 0 3 2 0 0 0 2/4 23:15 3:18 0:00
Mason Marchment 0 0 0 -1 0 0 0 0 0 1 0/0 7:13 0:00 0:00
Miikka Salomaki 1 0 1 -1 0 3 1 0 1 0 1/2 22:51 3:18 2:26
Reid Boucher 0 0 0 1 0 0 2 0 0 1 5/6 20:51 2:18 1:30
Robbie Russo 0 0 0 -1 2 1 0 0 0 1 0/0 10:58 0:00 0:00
Valeri Nichushkin 1 0 1 1 0 6 2 1 1 0 1/1 19:16 2:18 0:58
Vincent Desharnais 0 0 0 0 0 0 0 0 0 0 0/0 0:00 0:00 0:00
Wyatt Kalynuk 0 0 0 0 0 0 0 0 0 0 0/0 5:21 0:00 0:00
3 Stars
1 - Jonny Brodzinski (Bin)
2 - Alex Tuch (BRI)
3 - Christian Fischer (BRI)
Power Play
Sound Tigers - 1 on 3 Attempt(s) - 33.33%
Devils - 1 on 4 Attempt(s) - 25.00%
Penalty Kill
Sound Tigers - 3 on 4 Attempt(s) - 75.00%
- Score 0 goal in Penalty Kill
Devils - 2 on 3 Attempt(s) - 66.67%
- Score 0 goal in Penalty Kill
Team Stat
Sound Tigers - Hits : 19 - Faceoff Wins : 27 - Blocked Shots : 11 - Penalty Minutes : 8
Devils - Hits : 16 - Faceoff Wins : 35 - Blocked Shots : 4 - Penalty Minutes : 6
Official
Referees : Tom Chmielewski and Corey Syvret
Linesman : Vaughan Rody and Derek Amell
Game Notes
No Game Note
Finance
Level 1 -- Attendance: 1885 (94.25%) -- Ticket Income $65,975
Level 2 -- Attendance: 1000 (100.00%) -- Ticket Income $15,000
Total Attendance: 2885 (96.17%)
Total Ticket Income: $80,975
Other Income: $4,049
Total Income: $85,024
Sound Tigers
5 vs 5 Forward
Center Left Wing Right Wing Time % Phy DF OF
1 Pavel Kraskovsky Alex Tuch Christian Fischer 40 1 2 2
2 Rhett Gardner Garret Ross Borna Rendulic 30 1 2 2
3 Ben Johnson Ben Thomson James Livingstone 20 1 2 2
4 Garret Pilon Brad Ross Ross Colton 10 1 2 2
5 vs 5 Defense
Defense Defense Time % Phy DF OF
1 Dylan McIlrath Gabriel Carlsson 40 1 2 2
2 Slater Koekkoek Miro Heiskanen 30 1 2 2
3 Nick Blankenburg Jakub Galvas 20 1 2 2
4 Dylan McIlrath Gabriel Carlsson 10 1 2 2
PowerPlay Forward
Center Left Wing Right Wing Time % Phy DF OF
1 Pavel Kraskovsky Alex Tuch Christian Fischer 60 1 2 2
2 Rhett Gardner Garret Ross Borna Rendulic 40 1 2 2
PowerPlay Defense
Defense Defense Time % Phy DF OF
1 Dylan McIlrath Gabriel Carlsson 60 1 2 2
2 Slater Koekkoek Miro Heiskanen 40 1 2 2
Penalty Kill 4 Players Forward
Center Wing Time % Phy DF OF
1 Pavel Kraskovsky Alex Tuch 60 1 2 2
2 Rhett Gardner Garret Ross 40 1 2 2
Penalty Kill 4 Players Defense
Defense Defense Time % Phy DF OF
1 Dylan McIlrath Gabriel Carlsson 60 1 2 2
2 Slater Koekkoek Miro Heiskanen 40 1 2 2
Penalty Kill - 3 Players Forward
Forward Time % Phy DF OF
1 Pavel Kraskovsky 60 1 2 2
2 Rhett Gardner 40 1 2 2
Penalty Kill - 3 Players Defense
Defense Defense Time % Phy DF OF
1 Dylan McIlrath Gabriel Carlsson 60 1 2 2
2 Slater Koekkoek Miro Heiskanen 40 1 2 2
4 vs 4 Forward
Center Wing Time % Phy DF OF
1 Pavel Kraskovsky Alex Tuch 60 1 2 2
2 Rhett Gardner Garret Ross 40 1 2 2
4 vs 4 Defense
Defense Defense Time % Phy DF OF
1 Dylan McIlrath Gabriel Carlsson 60 1 2 2
2 Slater Koekkoek Miro Heiskanen 40 1 2 2
Last Minutes Offensive
Center Left Wing Right Wing Defense Defense
Pavel Kraskovsky Alex Tuch Christian Fischer Dylan McIlrath Gabriel Carlsson
Last Minutes Defensive
Center Left Wing Right Wing Defense Defense
Pavel Kraskovsky Alex Tuch Christian Fischer Dylan McIlrath Gabriel Carlsson
Goaltenders
Starting : Pavel Francouz
Backup : Sean Maguire
Extra Forwards
Normal : James Livingstone, Ben Thomson, Ross Colton - PP : James Livingstone, Ben Thomson - PK : James Livingstone
Extra Defensemen
Normal : Miro Heiskanen, Nick Blankenburg, Jakub Galvas - PP : Miro Heiskanen - PK : Miro Heiskanen, Nick Blankenburg
Penalty Shots
Alex Tuch, Christian Fischer, Garret Ross, Borna Rendulic, James Livingstone
Scratches
Alexander Yelesin (Healthy), Blake Speers (Healthy), Alex Steeves (Healthy), Joe Labate (Healthy), Noah Cates (Healthy)
Tyrell Goulbourne (Healthy), Brandon Gignac (Healthy), Casey Staum (Healthy), Chris Driedger (Healthy), Stuart Skinner (Healthy)
Devils
5 vs 5 Forward
Center Left Wing Right Wing Time % Phy DF OF
1 Alan Quine Miikka Salomaki Joonas Donskoi 40 0 2 3
2 Reid Boucher Valeri Nichushkin Conor Garland 30 0 2 3
3 Jonny Brodzinski Brett Seney Eeli Tolvanen 20 0 2 3
4 Brett Howden Mason Marchment Joonas Donskoi 10 0 2 3
5 vs 5 Defense
Defense Defense Time % Phy DF OF
1 Damon Severson Darren Dietz 40 0 3 2
2 Dalton Thrower Ilya Lyubushkin 30 0 3 2
3 Christian Wolanin Robbie Russo 20 0 3 2
4 Jake Bean Wyatt Kalynuk 10 0 3 2
PowerPlay Forward
Center Left Wing Right Wing Time % Phy DF OF
1 Alan Quine Miikka Salomaki Joonas Donskoi 60 0 1 4
2 Reid Boucher Valeri Nichushkin Conor Garland 40 0 1 4
PowerPlay Defense
Defense Defense Time % Phy DF OF
1 Damon Severson Darren Dietz 60 0 2 3
2 Dalton Thrower Ilya Lyubushkin 40 0 2 3
Penalty Kill 4 Players Forward
Center Wing Time % Phy DF OF
1 Alan Quine Miikka Salomaki 60 1 3 1
2 Reid Boucher Valeri Nichushkin 40 1 3 1
Penalty Kill 4 Players Defense
Defense Defense Time % Phy DF OF
1 Damon Severson Darren Dietz 60 1 4 0
2 Dalton Thrower Ilya Lyubushkin 40 1 4 0
Penalty Kill - 3 Players Forward
Forward Time % Phy DF OF
1 Alan Quine 60 1 3 1
2 Reid Boucher 40 1 3 1
Penalty Kill - 3 Players Defense
Defense Defense Time % Phy DF OF
1 Damon Severson Darren Dietz 60 1 4 0
2 Dalton Thrower Ilya Lyubushkin 40 1 4 0
4 vs 4 Forward
Center Wing Time % Phy DF OF
1 Alan Quine Miikka Salomaki 60 0 2 3
2 Reid Boucher Valeri Nichushkin 40 0 2 3
4 vs 4 Defense
Defense Defense Time % Phy DF OF
1 Damon Severson Darren Dietz 60 0 3 2
2 Dalton Thrower Ilya Lyubushkin 40 0 3 2
Last Minutes Offensive
Center Left Wing Right Wing Defense Defense
Alan Quine Miikka Salomaki Joonas Donskoi Damon Severson Darren Dietz
Last Minutes Defensive
Center Left Wing Right Wing Defense Defense
Alan Quine Miikka Salomaki Joonas Donskoi Damon Severson Darren Dietz
Goaltenders
Starting : Juuse Saros
Backup : Calvin Pickard
Extra Forwards
Normal : Reid Boucher, Conor Garland, Brett Seney - PP : Reid Boucher, Conor Garland - PK : Reid Boucher
Extra Defensemen
Normal : Jake Bean, Wyatt Kalynuk, Vincent Desharnais - PP : Jake Bean - PK : Jake Bean, Wyatt Kalynuk
Penalty Shots
Miikka Salomaki, Valeri Nichushkin, Joonas Donskoi, Alan Quine, Reid Boucher
Scratches
Cristiano Digiacinto (Healthy)
% Time on Ice - Sound Tigers
Lines # - Real PCT - Wanted PCT - Time Play
Normal Forward
1 - 33% - 40% - 16:11
2 - 30% - 30% - 14:48
3 - 23% - 20% - 11:17
4 - 15% - 10% - 7:21
Normal Defense
1 - 40% - 40% - 19:51
2 - 32% - 30% - 15:46
3 - 24% - 20% - 11:55
4 - 4% - 10% - 2:05
PP Forward
1 - 55% - 60% - 2:15
2 - 45% - 40% - 1:51
PP Defense
1 - 46% - 60% - 1:54
2 - 54% - 40% - 2:12
PK Forward
1 - 83% - 60% - 4:53
2 - 17% - 40% - 0:58
PK Defense
1 - 59% - 60% - 3:27
2 - 41% - 40% - 2:24
PK3 Forward
1 - 97% - 60% - 0:33
2 - 3% - 40% - 0:01
PK3 Defense
1 - 97% - 60% - 0:33
2 - 3% - 40% - 0:01
44 Forward
1 - 69% - 60% - 3:03
2 - 31% - 40% - 1:23
44 Defense
1 - 58% - 60% - 2:33
2 - 42% - 40% - 1:53
Last Minute Offensive - 0:00
Last Minute Defensive - 0:26
Total
Forward - 65:00
Defense - 65:00
|
% Time on Ice - Devils
Lines # - Real PCT - Wanted PCT - Time Play
Normal Forward
1 - 31% - 40% - 15:29
2 - 31% - 30% - 15:35
3 - 23% - 20% - 11:19
4 - 15% - 10% - 7:13
Normal Defense
1 - 37% - 40% - 18:24
2 - 32% - 30% - 15:41
3 - 22% - 20% - 10:47
4 - 10% - 10% - 4:44
PP Forward
1 - 61% - 60% - 3:33
2 - 39% - 40% - 2:18
PP Defense
1 - 70% - 60% - 4:07
2 - 30% - 40% - 1:44
PK Forward
1 - 76% - 60% - 3:08
2 - 24% - 40% - 0:58
PK Defense
1 - 57% - 60% - 2:21
2 - 43% - 40% - 1:45
PK3 Forward
1 - 0% - 60%
2 - 0% - 40%
PK3 Defense
1 - 0% - 60%
2 - 0% - 40%
44 Forward
1 - 76% - 60% - 3:48
2 - 24% - 40% - 1:12
44 Defense
1 - 56% - 60% - 2:48
2 - 44% - 40% - 2:12
Last Minute Offensive - 0:27
Last Minute Defensive - 0:00
Total
Forward - 65:00
Defense - 65:00
|
Play-by-Play
1st period
0:01 of 1st period - Alan Quine wins face-off versus Pavel Kraskovsky in neutral zone.
0:14 of 1st period - Snap shot by Joonas Donskoi.
0:14 of 1st period - Shot Blocked by Dylan McIlrath.
0:16 of 1st period - Snap shot by Joonas Donskoi.
0:16 of 1st period - Shot Hit the Post.
0:28 of 1st period - Damon Severson is hit by Dylan McIlrath and loses puck.
0:55 of 1st period - Wrist shot by Brett Seney.
0:55 of 1st period - Stopped by Pavel Francouz with a rebound.
0:57 of 1st period - Snap shot by Brett Seney.
0:57 of 1st period - Stopped by Pavel Francouz without a rebound.
0:58 of 1st period - Garret Pilon wins face-off versus Brett Howden in Sound Tigers zone.
1:55 of 1st period - Christian Wolanin is hit by Rhett Gardner and loses puck.
2:10 of 1st period - Snap shot by Alan Quine.
2:10 of 1st period - Shot Misses the Net.
2:12 of 1st period - Wrist shot by Miikka Salomaki.
2:12 of 1st period - Stopped by Pavel Francouz with a rebound.
2:14 of 1st period - Snap shot by Miikka Salomaki.
2:14 of 1st period - Shot Misses the Net.
2:16 of 1st period - Wrist shot by Alan Quine.
2:16 of 1st period - Deflect By Joonas Donskoi.
2:16 of 1st period - Shot Misses the Net.
2:16 of 1st period - Puck is out of play.
2:17 of 1st period - Pavel Kraskovsky wins face-off versus Alan Quine in Sound Tigers zone.
2:50 of 1st period - Wrist shot by Brett Seney.
2:50 of 1st period - Stopped by Pavel Francouz without a rebound.
2:51 of 1st period - Alan Quine wins face-off versus Ben Johnson in Sound Tigers zone.
3:17 of 1st period - Valeri Nichushkin is hit by Pavel Kraskovsky and loses puck.
3:26 of 1st period - Snap shot by Alex Tuch.
3:26 of 1st period - Shot Misses the Net.
4:24 of 1st period - James Livingstone is hit by Dalton Thrower and loses puck.
4:41 of 1st period - Snap shot by Valeri Nichushkin.
4:41 of 1st period - Stopped by Pavel Francouz with a rebound.
4:53 of 1st period - Wrist shot by Rhett Gardner.
4:53 of 1st period - Shot Misses the Net.
4:55 of 1st period - Wrist shot by Borna Rendulic.
4:55 of 1st period - Stopped by Juuse Saros with a rebound.
6:44 of 1st period - Wrist shot by Christian Fischer.
6:44 of 1st period - Stopped by Juuse Saros without a rebound.
6:45 of 1st period - Jonny Brodzinski wins face-off versus Pavel Kraskovsky in Devils zone.
7:11 of 1st period - Joonas Donskoi is hit by Borna Rendulic and loses puck.
7:18 of 1st period - Wrist shot by Joonas Donskoi.
7:18 of 1st period - Stopped by Pavel Francouz with a rebound.
8:08 of 1st period - Slapshot by Alex Tuch.
8:08 of 1st period - Shot Misses the Net.
8:10 of 1st period - Slapshot by Alex Tuch.
8:10 of 1st period - Goal by Alex Tuch - Sound Tigers : 1 - Devils : 0.
8:11 of 1st period - Alan Quine wins face-off versus Pavel Kraskovsky in neutral zone.
8:46 of 1st period - Slapshot by Conor Garland.
8:46 of 1st period - Shot Misses the Net.
8:48 of 1st period - Snap shot by Conor Garland.
8:48 of 1st period - Deflect By Garret Ross.
8:48 of 1st period - Shot Blocked by Dylan McIlrath.
8:48 of 1st period - Puck is out of play.
8:49 of 1st period - Pavel Kraskovsky wins face-off versus Alan Quine in Sound Tigers zone.
8:55 of 1st period - Off-side.
8:56 of 1st period - Alan Quine wins face-off versus Pavel Kraskovsky in neutral zone.
9:01 of 1st period - Snap shot by Pavel Kraskovsky.
9:01 of 1st period - Stopped by Juuse Saros with a rebound.
9:03 of 1st period - Backhand shot by Gabriel Carlsson.
9:03 of 1st period - Stopped by Juuse Saros with a rebound.
9:11 of 1st period - Snap shot by Alan Quine.
9:11 of 1st period - Shot Misses the Net.
9:21 of 1st period - Snap shot by Christian Fischer.
9:21 of 1st period - Goal by Christian Fischer - Sound Tigers : 2 - Devils : 0.
9:22 of 1st period - Rhett Gardner wins face-off versus Joonas Donskoi in neutral zone.
9:51 of 1st period - Snap shot by Conor Garland.
9:51 of 1st period - Stopped by Pavel Francouz with a rebound.
9:53 of 1st period - Snap shot by Conor Garland.
9:53 of 1st period - Stopped by Pavel Francouz with a rebound.
9:55 of 1st period - Slapshot by Conor Garland.
9:55 of 1st period - Deflect By Valeri Nichushkin.
9:55 of 1st period - Shot Misses the Net.
9:55 of 1st period - Puck is out of play.
9:56 of 1st period - Reid Boucher wins face-off versus Pavel Kraskovsky in Sound Tigers zone.
10:09 of 1st period - Backhand shot by Valeri Nichushkin.
10:09 of 1st period - Deflect By Reid Boucher.
10:09 of 1st period - Shot Blocked by Alex Tuch.
10:09 of 1st period - Puck is out of play.
10:10 of 1st period - Alan Quine wins face-off versus Ben Johnson in Sound Tigers zone.
10:23 of 1st period - Snap shot by Miikka Salomaki.
10:23 of 1st period - Deflect By Joonas Donskoi.
10:23 of 1st period - Shot Misses the Net.
10:23 of 1st period - Puck is out of play.
10:24 of 1st period - Reid Boucher wins face-off versus Rhett Gardner in Sound Tigers zone.
11:39 of 1st period - Slapshot by Valeri Nichushkin.
11:39 of 1st period - Stopped by Pavel Francouz with a rebound.
11:41 of 1st period - Slapshot by Dalton Thrower.
11:41 of 1st period - Stopped by Pavel Francouz without a rebound.
11:42 of 1st period - Reid Boucher wins face-off versus Pavel Kraskovsky in Sound Tigers zone.
12:07 of 1st period - Damon Severson is hit by Borna Rendulic and loses puck.
12:58 of 1st period - Nick Blankenburg is hit by Reid Boucher and loses puck.
14:06 of 1st period - Snap shot by James Livingstone.
14:06 of 1st period - Stopped by Juuse Saros without a rebound.
14:07 of 1st period - Pavel Kraskovsky wins face-off versus Jonny Brodzinski in Devils zone.
14:53 of 1st period - Wrist shot by Alan Quine.
14:53 of 1st period - Shot Misses the Net.
14:55 of 1st period - Slapshot by Damon Severson.
14:55 of 1st period - Shot Hit the Post.
14:57 of 1st period - Snap shot by Alan Quine.
14:57 of 1st period - Shot Blocked by Dylan McIlrath.
14:59 of 1st period - Wrist shot by Damon Severson.
14:59 of 1st period - Deflect By Alan Quine.
14:59 of 1st period - Stopped by Pavel Francouz with a rebound.
15:11 of 1st period - Brad Ross is hit by Christian Wolanin and loses puck.
15:22 of 1st period - Snap shot by Dylan McIlrath.
15:22 of 1st period - Shot Misses the Net.
16:22 of 1st period - Off-side.
16:23 of 1st period - Pavel Kraskovsky wins face-off versus Conor Garland in neutral zone.
16:32 of 1st period - Wrist shot by Christian Fischer.
16:32 of 1st period - Shot Misses the Net.
16:43 of 1st period - Alex Tuch is hit by Damon Severson.
16:56 of 1st period - Snap shot by Darren Dietz.
16:56 of 1st period - Shot Blocked by Jakub Galvas.
17:04 of 1st period - Snap shot by Valeri Nichushkin.
17:04 of 1st period - Stopped by Pavel Francouz with a rebound.
17:06 of 1st period - Wrist shot by Valeri Nichushkin.
17:06 of 1st period - Stopped by Pavel Francouz with a rebound.
17:08 of 1st period - Snap shot by Conor Garland.
17:08 of 1st period - Shot Misses the Net.
17:10 of 1st period - Wrist shot by Damon Severson.
17:10 of 1st period - Deflect By Valeri Nichushkin.
17:10 of 1st period - Goal by Valeri Nichushkin - Sound Tigers : 2 - Devils : 1.
17:11 of 1st period - Rhett Gardner wins face-off versus Alan Quine in neutral zone.
17:16 of 1st period - Slapshot by Garret Ross.
17:16 of 1st period - Shot Misses the Net.
17:47 of 1st period - Wrist shot by James Livingstone.
17:47 of 1st period - Shot Misses the Net.
18:43 of 1st period - Wrist shot by Miikka Salomaki.
18:43 of 1st period - Stopped by Pavel Francouz with a rebound.
19:22 of 1st period - Christian Fischer is hit by Valeri Nichushkin and loses puck.
19:47 of 1st period - Snap shot by Joonas Donskoi.
19:47 of 1st period - Stopped by Pavel Francouz without a rebound.
19:48 of 1st period - Ben Johnson wins face-off versus Brett Howden in Sound Tigers zone.
19:48 of 1st period - Ben Johnson is hit by Joonas Donskoi.
19:56 of 1st period - Slapshot by Darren Dietz.
19:56 of 1st period - Shot Blocked by Gabriel Carlsson.
Goals for this period are 2 for Sound Tigers vs 1 for Devils.
Shots for this period are 7 for Sound Tigers vs 16 for Devils.
2nd period
0:01 of 2nd period - Pavel Kraskovsky wins face-off versus Alan Quine in neutral zone.
0:30 of 2nd period - Slapshot by Brett Seney.
0:30 of 2nd period - Stopped by Pavel Francouz without a rebound.
0:31 of 2nd period - Jonny Brodzinski wins face-off versus Rhett Gardner in Sound Tigers zone.
1:11 of 2nd period - Slapshot by Garret Ross.
1:11 of 2nd period - Stopped by Juuse Saros without a rebound.
1:12 of 2nd period - Alan Quine wins face-off versus Pavel Kraskovsky in Devils zone.
1:37 of 2nd period - Ben Thomson is hit by Damon Severson and loses puck.
2:06 of 2nd period - Dylan McIlrath is hit by Joonas Donskoi and loses puck.
2:46 of 2nd period - Off-side.
2:47 of 2nd period - Rhett Gardner wins face-off versus Alan Quine in neutral zone.
2:50 of 2nd period - Snap shot by Borna Rendulic.
2:50 of 2nd period - Stopped by Juuse Saros without a rebound.
2:51 of 2nd period - Pavel Kraskovsky wins face-off versus Reid Boucher in Devils zone.
3:00 of 2nd period - Slapshot by Darren Dietz.
3:00 of 2nd period - Stopped by Pavel Francouz with a rebound.
3:13 of 2nd period - Icing by Damon Severson.
3:14 of 2nd period - Joonas Donskoi wins face-off versus Rhett Gardner in Devils zone.
3:14 of 2nd period - Joonas Donskoi is hit by Garret Ross.
3:41 of 2nd period - Conor Garland is hit by Pavel Kraskovsky and loses puck.
4:02 of 2nd period - Wrist shot by Brett Seney.
4:02 of 2nd period - Shot Misses the Net.
4:04 of 2nd period - Slapshot by Christian Wolanin.
4:04 of 2nd period - Stopped by Pavel Francouz with a rebound.
4:06 of 2nd period - Snap shot by Brett Seney.
4:06 of 2nd period - Shot Misses the Net.
4:26 of 2nd period - Wrist shot by Alan Quine.
4:26 of 2nd period - Shot Blocked by Garret Pilon.
6:05 of 2nd period - Wrist shot by Christian Fischer.
6:05 of 2nd period - Shot Misses the Net.
6:17 of 2nd period - Snap shot by Reid Boucher.
6:17 of 2nd period - Shot Misses the Net.
6:32 of 2nd period - Icing by Nick Blankenburg.
6:33 of 2nd period - Alan Quine wins face-off versus Ben Thomson in Sound Tigers zone.
6:35 of 2nd period - Minor Penalty to Robbie Russo for Roughing.
6:36 of 2nd period - Alan Quine wins face-off versus Pavel Kraskovsky in Devils zone.
6:46 of 2nd period - Snap shot by Pavel Kraskovsky.
6:46 of 2nd period - Shot Misses the Net.
6:48 of 2nd period - Slapshot by Dylan McIlrath.
6:48 of 2nd period - Stopped by Juuse Saros with a rebound.
6:50 of 2nd period - Snap shot by Christian Fischer.
6:50 of 2nd period - Shot Misses the Net.
7:06 of 2nd period - Alan Quine is hit by Garret Ross.
7:43 of 2nd period - Icing by Slater Koekkoek.
7:44 of 2nd period - Borna Rendulic wins face-off versus Miikka Salomaki in Sound Tigers zone.
8:03 of 2nd period - Valeri Nichushkin is hit by Alex Tuch and loses puck.
8:35 of 2nd period - Penalty to Robbie Russo is over, Robbie Russo is back on ice.
8:40 of 2nd period - Snap shot by Robbie Russo.
8:40 of 2nd period - Shot Misses the Net.
9:02 of 2nd period - Wrist shot by Joonas Donskoi.
9:02 of 2nd period - Stopped by Pavel Francouz with a rebound.
9:20 of 2nd period - Snap shot by Ross Colton.
9:20 of 2nd period - Stopped by Juuse Saros without a rebound.
9:21 of 2nd period - Brett Howden wins face-off versus Pavel Kraskovsky in Devils zone.
9:30 of 2nd period - Backhand shot by Brett Howden.
9:30 of 2nd period - Stopped by Pavel Francouz with a rebound.
10:02 of 2nd period - James Livingstone is hit by Conor Garland and loses puck.
10:23 of 2nd period - Icing by Conor Garland.
10:24 of 2nd period - Valeri Nichushkin wins face-off versus Pavel Kraskovsky in Devils zone.
10:36 of 2nd period - Robbie Russo is hit by Christian Fischer and loses puck.
10:53 of 2nd period - Wrist shot by Alan Quine.
10:53 of 2nd period - Stopped by Pavel Francouz with a rebound.
10:55 of 2nd period - Wrist shot by Alan Quine.
10:55 of 2nd period - Stopped by Pavel Francouz with a rebound.
10:57 of 2nd period - Slapshot by Robbie Russo.
10:57 of 2nd period - Stopped by Pavel Francouz with a rebound.
10:59 of 2nd period - Slapshot by Robbie Russo.
10:59 of 2nd period - Shot Blocked by Slater Koekkoek.
11:01 of 2nd period - Snap shot by Christian Wolanin.
11:01 of 2nd period - Shot Misses the Net.
11:11 of 2nd period - Wrist shot by Darren Dietz.
11:11 of 2nd period - Stopped by Pavel Francouz with a rebound.
11:13 of 2nd period - Slapshot by Darren Dietz.
11:13 of 2nd period - Deflect By Eeli Tolvanen.
11:13 of 2nd period - Stopped by Pavel Francouz without a rebound.
11:14 of 2nd period - Jonny Brodzinski wins face-off versus Pavel Kraskovsky in Sound Tigers zone.
11:47 of 2nd period - Wrist shot by Ben Thomson.
11:47 of 2nd period - Stopped by Juuse Saros with a rebound.
11:49 of 2nd period - Slapshot by Nick Blankenburg.
11:49 of 2nd period - Deflect By Ben Johnson.
11:49 of 2nd period - Stopped by Juuse Saros without a rebound.
11:50 of 2nd period - Jonny Brodzinski wins face-off versus Rhett Gardner in Devils zone.
11:58 of 2nd period - Icing by Gabriel Carlsson.
11:59 of 2nd period - Jonny Brodzinski wins face-off versus Rhett Gardner in Sound Tigers zone.
12:26 of 2nd period - Snap shot by Jonny Brodzinski.
12:26 of 2nd period - Goal by Jonny Brodzinski - Sound Tigers : 2 - Devils : 2.
12:27 of 2nd period - Pavel Kraskovsky wins face-off versus Alan Quine in neutral zone.
12:56 of 2nd period - Wrist shot by Ben Thomson.
12:56 of 2nd period - Shot Misses the Net.
12:58 of 2nd period - Slapshot by James Livingstone.
12:58 of 2nd period - Stopped by Juuse Saros with a rebound.
13:00 of 2nd period - Snap shot by Ben Johnson.
13:00 of 2nd period - Shot Misses the Net.
13:02 of 2nd period - Wrist shot by James Livingstone.
13:02 of 2nd period - Deflect By Ben Thomson.
13:02 of 2nd period - Goal by Ben Thomson - Sound Tigers : 3 - Devils : 2.
13:03 of 2nd period - Reid Boucher wins face-off versus Pavel Kraskovsky in neutral zone.
13:08 of 2nd period - Snap shot by Valeri Nichushkin.
13:08 of 2nd period - Shot Misses the Net.
13:15 of 2nd period - Minor Penalty to Dylan McIlrath for High sticking.
13:16 of 2nd period - Alan Quine wins face-off versus Pavel Kraskovsky in Sound Tigers zone.
15:15 of 2nd period - Penalty to Dylan McIlrath is over, Dylan McIlrath is back on ice.
15:44 of 2nd period - Snap shot by Ross Colton.
15:44 of 2nd period - Stopped by Juuse Saros with a rebound.
16:40 of 2nd period - Jonny Brodzinski is hit by Borna Rendulic and loses puck.
18:05 of 2nd period - Brett Seney is hit by Brad Ross and loses puck.
18:42 of 2nd period - Ross Colton is hit by Alan Quine and loses puck.
19:18 of 2nd period - Minor Penalty to Pavel Kraskovsky for Hooking.
19:19 of 2nd period - James Livingstone wins face-off versus Alan Quine in Sound Tigers zone.
19:30 of 2nd period - Off-side.
19:31 of 2nd period - Miikka Salomaki wins face-off versus James Livingstone in neutral zone.
Goals for this period are 1 for Sound Tigers vs 1 for Devils.
Shots for this period are 9 for Sound Tigers vs 11 for Devils.
3rd period
0:01 of 3rd period - Alan Quine wins face-off versus James Livingstone in neutral zone.
0:08 of 3rd period - Wrist shot by Alan Quine.
0:08 of 3rd period - Shot Misses the Net.
0:10 of 3rd period - Slapshot by Darren Dietz.
0:10 of 3rd period - Deflect By Alan Quine.
0:10 of 3rd period - Shot Blocked by Gabriel Carlsson.
0:10 of 3rd period - Puck is out of play.
0:11 of 3rd period - Alan Quine wins face-off versus James Livingstone in Sound Tigers zone.
0:41 of 3rd period - Off-side.
0:42 of 3rd period - James Livingstone wins face-off versus Alan Quine in neutral zone.
1:11 of 3rd period - Wrist shot by Conor Garland.
1:11 of 3rd period - Goal by Conor Garland - Sound Tigers : 3 - Devils : 3.
1:12 of 3rd period - Pavel Kraskovsky wins face-off versus Alan Quine in neutral zone.
1:23 of 3rd period - Snap shot by Christian Fischer.
1:23 of 3rd period - Deflect By Pavel Kraskovsky.
1:23 of 3rd period - Stopped by Juuse Saros with a rebound.
1:27 of 3rd period - Slapshot by Pavel Kraskovsky.
1:27 of 3rd period - Shot Misses the Net.
1:37 of 3rd period - Borna Rendulic is hit by Valeri Nichushkin and loses puck.
1:46 of 3rd period - Valeri Nichushkin is hit by Garret Ross and loses puck.
2:06 of 3rd period - Off-side.
2:07 of 3rd period - Pavel Kraskovsky wins face-off versus Alan Quine in neutral zone.
2:56 of 3rd period - Snap shot by Jonny Brodzinski.
2:56 of 3rd period - Shot Hit the Post.
2:58 of 3rd period - Snap shot by Eeli Tolvanen.
2:58 of 3rd period - Shot Misses the Net.
3:00 of 3rd period - Slapshot by Ilya Lyubushkin.
3:00 of 3rd period - Goal by Ilya Lyubushkin - Sound Tigers : 3 - Devils : 4.
3:01 of 3rd period - Pavel Kraskovsky wins face-off versus Joonas Donskoi in neutral zone.
3:12 of 3rd period - Slapshot by Alex Tuch.
3:12 of 3rd period - Shot Misses the Net.
3:26 of 3rd period - Alan Quine is hit by James Livingstone and loses puck.
3:51 of 3rd period - Slapshot by Darren Dietz.
3:51 of 3rd period - Deflect By Reid Boucher.
3:51 of 3rd period - Shot Blocked by Jakub Galvas.
3:51 of 3rd period - Puck is out of play.
3:52 of 3rd period - Reid Boucher wins face-off versus Rhett Gardner in Sound Tigers zone.
4:19 of 3rd period - Eeli Tolvanen is hit by Dylan McIlrath and loses puck.
4:40 of 3rd period - Slapshot by Ben Johnson.
4:40 of 3rd period - Shot Blocked by Brett Howden.
4:42 of 3rd period - Wrist shot by Ben Johnson.
4:42 of 3rd period - Goal by Ben Johnson - Sound Tigers : 4 - Devils : 4.
4:43 of 3rd period - Alan Quine wins face-off versus Pavel Kraskovsky in neutral zone.
4:48 of 3rd period - Slapshot by Darren Dietz.
4:48 of 3rd period - Shot Misses the Net.
4:50 of 3rd period - Slapshot by Damon Severson.
4:50 of 3rd period - Stopped by Pavel Francouz without a rebound.
4:51 of 3rd period - Alan Quine wins face-off versus Pavel Kraskovsky in Sound Tigers zone.
4:54 of 3rd period - Wrist shot by Alan Quine.
4:54 of 3rd period - Deflect By Joonas Donskoi.
4:54 of 3rd period - Shot Hit the Post.
4:54 of 3rd period - Puck is out of play.
4:55 of 3rd period - Joonas Donskoi wins face-off versus Pavel Kraskovsky in Sound Tigers zone.
4:56 of 3rd period - Wrist shot by Alan Quine.
4:56 of 3rd period - Stopped by Pavel Francouz with a rebound.
5:22 of 3rd period - Darren Dietz is hit by Garret Ross and loses puck.
5:30 of 3rd period - Slapshot by Dalton Thrower.
5:30 of 3rd period - Stopped by Pavel Francouz without a rebound.
5:31 of 3rd period - Rhett Gardner wins face-off versus Alan Quine in Sound Tigers zone.
5:38 of 3rd period - Wrist shot by Alan Quine.
5:38 of 3rd period - Stopped by Pavel Francouz with a rebound.
5:52 of 3rd period - Minor Penalty to Miro Heiskanen for Hooking.
5:53 of 3rd period - Alan Quine wins face-off versus Pavel Kraskovsky in Sound Tigers zone.
6:32 of 3rd period - Slapshot by Darren Dietz.
6:32 of 3rd period - Deflect By Garret Ross.
6:32 of 3rd period - Stopped by Pavel Francouz with a rebound.
7:52 of 3rd period - Penalty to Miro Heiskanen is over, Miro Heiskanen is back on ice.
7:52 of 3rd period - Snap shot by Rhett Gardner.
7:52 of 3rd period - Shot Misses the Net.
7:54 of 3rd period - Wrist shot by Rhett Gardner.
7:54 of 3rd period - Shot Misses the Net.
7:56 of 3rd period - Slapshot by Rhett Gardner.
7:56 of 3rd period - Stopped by Juuse Saros without a rebound.
7:57 of 3rd period - Garret Pilon wins face-off versus Jonny Brodzinski in Devils zone.
8:02 of 3rd period - Snap shot by Ross Colton.
8:02 of 3rd period - Stopped by Juuse Saros with a rebound.
8:04 of 3rd period - Backhand shot by Garret Pilon.
8:04 of 3rd period - Stopped by Juuse Saros with a rebound.
8:06 of 3rd period - Slapshot by Nick Blankenburg.
8:06 of 3rd period - Stopped by Juuse Saros with a rebound.
8:26 of 3rd period - Wrist shot by Borna Rendulic.
8:26 of 3rd period - Shot Misses the Net.
8:52 of 3rd period - Wrist shot by Ben Johnson.
8:52 of 3rd period - Stopped by Juuse Saros without a rebound.
8:53 of 3rd period - Alan Quine wins face-off versus Pavel Kraskovsky in Devils zone.
10:06 of 3rd period - Garret Pilon is hit by Miikka Salomaki and loses puck.
10:19 of 3rd period - Slapshot by Pavel Kraskovsky.
10:19 of 3rd period - Shot Blocked by Darren Dietz.
10:25 of 3rd period - Pavel Kraskovsky is hit by Damon Severson and loses puck.
10:41 of 3rd period - Minor Penalty to Conor Garland for Tripping.
10:42 of 3rd period - Alan Quine wins face-off versus Pavel Kraskovsky in Devils zone.
10:42 of 3rd period - Alan Quine is hit by Christian Fischer.
10:49 of 3rd period - Wrist shot by Pavel Kraskovsky.
10:49 of 3rd period - Goal by Pavel Kraskovsky - Sound Tigers : 5 - Devils : 4.
10:50 of 3rd period - Pavel Kraskovsky wins face-off versus Alan Quine in neutral zone.
11:44 of 3rd period - Dylan McIlrath is hit by Jonny Brodzinski and loses puck.
12:23 of 3rd period - Slapshot by Slater Koekkoek.
12:23 of 3rd period - Shot Blocked by Valeri Nichushkin.
12:25 of 3rd period - Wrist shot by Pavel Kraskovsky.
12:25 of 3rd period - Stopped by Juuse Saros without a rebound.
12:26 of 3rd period - Pavel Kraskovsky wins face-off versus Jonny Brodzinski in Devils zone.
12:27 of 3rd period - Snap shot by Alex Tuch.
12:27 of 3rd period - Stopped by Juuse Saros with a rebound.
12:29 of 3rd period - Slapshot by Christian Fischer.
12:29 of 3rd period - Stopped by Juuse Saros with a rebound.
12:31 of 3rd period - Slapshot by Nick Blankenburg.
12:31 of 3rd period - Deflect By Christian Fischer.
12:31 of 3rd period - Stopped by Juuse Saros without a rebound.
12:32 of 3rd period - Jonny Brodzinski wins face-off versus Pavel Kraskovsky in Devils zone.
12:57 of 3rd period - Wrist shot by Garret Ross.
12:57 of 3rd period - Shot Misses the Net.
13:52 of 3rd period - Minor Penalty to Eeli Tolvanen for Holding.
13:53 of 3rd period - Alan Quine wins face-off versus Pavel Kraskovsky in Devils zone.
15:52 of 3rd period - Penalty to Eeli Tolvanen is over, Eeli Tolvanen is back on ice.
17:06 of 3rd period - Icing by Robbie Russo.
17:07 of 3rd period - Rhett Gardner wins face-off versus Alan Quine in Devils zone.
18:52 of 3rd period - Devils, Juuse Saros is pulled from the net.
19:12 of 3rd period - Wrist shot by Miikka Salomaki.
19:12 of 3rd period - Goal by Miikka Salomaki - Sound Tigers : 5 - Devils : 5.
19:12 of 3rd period - Juuse Saros from Devils was sent back in the game.
19:13 of 3rd period - Ben Johnson wins face-off versus Jonny Brodzinski in neutral zone.
19:16 of 3rd period - Slapshot by Dylan McIlrath.
19:16 of 3rd period - Stopped by Juuse Saros without a rebound.
19:17 of 3rd period - Eeli Tolvanen wins face-off versus Ben Johnson in Devils zone.
19:41 of 3rd period - Ilya Lyubushkin is hit by Dylan McIlrath and loses puck.
19:52 of 3rd period - Wrist shot by Valeri Nichushkin.
19:52 of 3rd period - Stopped by Pavel Francouz with a rebound.
19:54 of 3rd period - Slapshot by Dalton Thrower.
19:54 of 3rd period - Shot Misses the Net.
Goals for this period are 2 for Sound Tigers vs 3 for Devils.
Shots for this period are 13 for Sound Tigers vs 9 for Devils.
Overtime #1
0:01 of 1st overtime period - Pavel Kraskovsky wins face-off versus Alan Quine in neutral zone.
0:47 of 1st overtime period - Snap shot by Garret Ross.
0:47 of 1st overtime period - Shot Blocked by Ilya Lyubushkin.
0:54 of 1st overtime period - Off-side.
0:55 of 1st overtime period - Pavel Kraskovsky wins face-off versus Alan Quine in neutral zone.
1:35 of 1st overtime period - Rhett Gardner is hit by Reid Boucher and loses puck.
1:44 of 1st overtime period - Snap shot by Rhett Gardner.
1:44 of 1st overtime period - Shot Misses the Net.
2:14 of 1st overtime period - Wrist shot by Garret Ross.
2:14 of 1st overtime period - Stopped by Juuse Saros without a rebound.
2:15 of 1st overtime period - Pavel Kraskovsky wins face-off versus Alan Quine in Devils zone.
2:20 of 1st overtime period - Wrist shot by Pavel Kraskovsky.
2:20 of 1st overtime period - Stopped by Juuse Saros with a rebound.
2:40 of 1st overtime period - Pavel Kraskovsky is hit by Damon Severson and loses puck.
4:25 of 1st overtime period - Minor Penalty to Garret Ross for Cross-checking.
4:26 of 1st overtime period - Alan Quine wins face-off versus Pavel Kraskovsky in Sound Tigers zone.
4:40 of 1st overtime period - Darren Dietz is hit by Dylan McIlrath and loses puck.
4:55 of 1st overtime period - Snap shot by Darren Dietz.
4:55 of 1st overtime period - Shot Blocked by Gabriel Carlsson.
Goals for this period are 0 for Sound Tigers vs 0 for Devils.
Shots for this period are 2 for Sound Tigers vs 0 for Devils.
ShootOut
5:00 of 1st overtime period - Round #1.
5:00 of 1st overtime period - Sound Tigers, Alex Tuch.
5:00 of 1st overtime period - Deke by Alex Tuch.
5:00 of 1st overtime period - Goal by Alex Tuch.
5:00 of 1st overtime period - Devils, Miikka Salomaki.
5:00 of 1st overtime period - Wrist shot by Miikka Salomaki.
5:00 of 1st overtime period - Stopped by Pavel Francouz.
5:00 of 1st overtime period - Round #2.
5:00 of 1st overtime period - Sound Tigers, Christian Fischer.
5:00 of 1st overtime period - Backhand shot by Christian Fischer.
5:00 of 1st overtime period - Shot Misses the Net.
5:00 of 1st overtime period - Devils, Valeri Nichushkin.
5:00 of 1st overtime period - Snap shot by Valeri Nichushkin.
5:00 of 1st overtime period - Stopped by Pavel Francouz.
5:00 of 1st overtime period - Round #3.
5:00 of 1st overtime period - Sound Tigers, Garret Ross.
5:00 of 1st overtime period - Wrist shot by Garret Ross.
5:00 of 1st overtime period - Shot Misses the Net.
5:00 of 1st overtime period - Devils, Joonas Donskoi.
5:00 of 1st overtime period - Wrist shot by Joonas Donskoi.
5:00 of 1st overtime period - Stopped by Pavel Francouz.
Output by the SimonT Hockey Simulator (STHS) for Francois Prevost